 Dungeon Crawl Stone Soup version 0.30-a0-726-gd89dcf765f (webtiles) character file.

Game seed: 1762445486614812007

948 pokeman the Thaumaturge (level 7, -7/40 HPs)
             Began as a Deep Elf Hedge Wizard on Jan 29, 2023.
             Mangled by Edmund
             ... wielding a +1 dire flail of holy wrath
              (10 damage)
             ... on level 4 of the Dungeon.
             The game lasted 00:11:01 (4489 turns).

pokeman the Thaumaturge (Deep Elf Hedge Wizard)     Turns: 4489, Time: 00:11:01

Health: -7/40      AC:  4    Str:  7    XL:     7   Next: 89%
Magic:  14/21      EV: 13    Int: 21    God:
Gold:   255        SH:  0    Dex: 14    Spells: 11/23 levels left

rFire   . . .      SeeInvis .    s - +0 dagger (venom)
rCold   + + .      Faith    .    (no shield)
rNeg    . . .      Spirit   .    b - +0 robe
rPois   .          Reflect  .    c - +0 hat
rElec   .          Harm     .    p - +0 cloak
rCorr   .          Rampage  .    (no gloves)
Will    .....                    e - +0 pair of boots
Stlth   ++                       (no amulet)
HPRegen 0.26/turn                v - ring of protection from cold
MPRegen 0.17/turn                A - ring of protection from cold

@: very slightly contaminated
A: no striking features
a: no special abilities


You were on level 4 of the Dungeon.
You visited 1 branch of the dungeon, and saw 6 of its levels.

You collected 255 gold pieces.

Inventory:

Hand Weapons
 s - a +0 dagger of venom (weapon)
 y - a +1 shortbow of flaming
Armour
 b - a +0 robe (worn)
 c - a +0 hat (worn)
 e - a +0 pair of boots (worn)
 p - a +0 cloak (worn)
Jewellery
 v - a ring of protection from cold (left hand)
 x - an amulet of guardian spirit
 A - a ring of protection from cold (right hand)
Scrolls
 a - a scroll of fear {unknown}
 f - 3 scrolls of identify {unknown}
 g - a scroll of acquirement {unknown}
 j - 4 scrolls of teleportation {unknown}
 m - 2 scrolls of enchant weapon {unknown}
 n - 2 scrolls of poison {unknown}
 q - 2 scrolls of immolation
 u - a scroll of noise {unknown}
 z - a scroll of enchant armour {unknown}
Potions
 d - a potion of magic
 h - a potion of cancellation {unknown}
 i - 2 potions of might {unknown}
 k - a potion of flight {unknown}
 l - 4 potions of curing {unknown}
 o - 3 potions of haste {unknown}
 r - a potion of brilliance {unknown}
 t - a potion of mutation {unknown}
 w - 2 potions of lignification {unknown}


   Skills:
 - Level 2.0 Fighting
 + Level 1.4 Armour
 - Level 3.0 Dodging
 - Level 3.0 Stealth
 * Level 8.7 Spellcasting
 + Level 4.4 Conjurations
 - Level 1.1 Summonings
 - Level 1.1 Translocations
 + Level 3.4 Fire Magic
 - Level 1.0 Air Magic
 - Level 1.0 Poison Magic


You had 11 spell levels left.
You knew the following spells:

 Your Spells              Type           Power      Damage    Failure   Level
a - Magic Dart            Conj           100%       1d8       1%          1
b - Mephitic Cloud        Conj/Pois/Air  18%        N/A       9%          3
c - Call Imp              Summ           13%        N/A       7%          2
d - Blink                 Tloc           26%        N/A       7%          2
e - Flame Wave            Conj/Fire      25%        2d8       14%         4

Your spell library contained the following spells:

 Spells                   Type           Power      Damage    Failure   Level
 Slow                     Hex            36%        N/A       8%          1
 Cigotuvi's Dreadful Rot  Necr/Pois/Air  24%        N/A       9%          2
 Inner Flame              Hex/Fire       16%        N/A       11%         3
 Call Canine Familiar     Summ           13%        N/A       14%         3
 Gell's Gravitas          Tloc           13%        N/A       14%         3
 Teleport Other           Tloc           13%        N/A       14%         3
 Sticky Flame             Conj/Fire      25%        2d5       14%         4
 Portal Projectile        Hex/Tloc       22%        N/A       19%         3
 Leda's Liquefaction      Hex/Erth       4%         N/A       58%         4
 Dispersal                Tloc           6%         N/A       100%        6


Dungeon Overview and Level Annotations

Branches:
Dungeon (6/15)
 Temple: D:4-7

Altars:
Cheibriados
Elyvilon
Hepliaklqana
Okawaru
Zin
The Shining One

Annotations:
D:4 Edmund, Sigmund


Message History

Edmund zaps a wand.
The bolt of light hits you!
The now-empty wand crumbles to dust.
Your crimson imp closely misses Edmund.
Edmund hits your crimson imp with a +1 dire flail of holy wrath.
Your crimson imp convulses.
Your crimson imp hits Edmund.
Your crimson imp hits Edmund.
Your crimson imp blinks!
You see here a +0 club.
Edmund says, "People accused me of being a cutpurse!"
The lava is a mimic!
The lava mimic chuckles and vanishes in a puff of smoke!
f - 3 scrolls labelled LIHOETACODO (gained 1)
The lava is a mimic!
The lava mimic titters and vanishes in a puff of smoke!
You see here 3 gold pieces.
You see here 3 gold pieces.
Press: ? - help, v - describe, . - travel
Here: Edmund, wielding a +1 dire flail of holy wrath and wearing a +3 ring mail of poison resistance (moderately wounded)
The floor.
Unknown command.
Casting: Magic Dart (safe; 1% risk of failure)
Confirm with . or Enter, or press ? or * to list all spells.
You miscast Call Imp.
You are very lightly contaminated with residual magic.
Nothing appears to happen.
Casting: Call Imp (safe; 7% risk of failure)
Confirm with . or Enter, or press ? or * to list all spells.
A beastly little devil appears in a puff of frigid air.
You swap places.
Your white imp hits Edmund.
Your white imp freezes Edmund.
There is a hazy altar of Hepliaklqana here.
Edmund hits you with a +1 dire flail of holy wrath!
Your white imp barely misses Edmund.
You hit Edmund but do no damage.
Edmund is poisoned.
Edmund is moderately wounded.
Edmund hits you with a +1 dire flail of holy wrath!
* * * LOW HITPOINT WARNING * * *
Your white imp hits Edmund.
Your white imp freezes Edmund.
You hit Edmund but do no damage.
Edmund looks as sick as possible!
Edmund is heavily wounded.
Edmund hits you with a +1 dire flail of holy wrath!
You die...

#.### #...#.######...........>..
#...## ........#####.J.........<
.....## #.##.##...####.#.##....†.
......# #.##..........@#.........
......###.##...#.......#.##......
....>........#########.#.##......
.....###...###§§.≈≈≈...........##
$...######.###§§5@J.....###..#.##
.............#≈.@≈≈≈.......#.#..#
.#### #......#########...#....#..
@ ###..............).).....<.. .
.................#.####.....
####................#####..#.
..................)...####...
######.#.##..............####.
#........##........####.).# #.
#...########........# ##### #.


You could see Edmund (extremely poisoned, ally target), an endoplasm and a
friendly white imp (summoned).

Vanquished Creatures
  Grinder (D:5)
  An orc warrior (D:6)
  A phantom (D:6)
  A bullfrog (D:6)
  A scorpion (D:5)
  A necrophage (D:5)
  3 hounds
  An iguana (D:6)
  An orc wizard (D:6)
  Terence (D:3)
  A mummy (D:3)
  4 adders
  6 gnolls
  A worm (D:2)
  4 dart slugs
  4 orcs
  4 bats
  3 endoplasms
  A giant cockroach (D:1)
  13 goblins
  10 hobgoblins
  10 jackals
  6 kobolds
  5 quokkas
  7 ball pythons
  2 frilled lizards
  A goblin zombie (D:4)
  2 rats (D:1)
  A rat zombie (D:4)
97 creatures vanquished.

Vanquished Creatures (collateral kills)
  An orc wizard (D:6)
  A worm (D:5)
  2 orcs (D:6)
4 creatures vanquished.

Grand Total: 101 creatures vanquished

Notes
Turn   | Place    | Note
-------+----------+-------------------------------------------
     0 | D:1      | pokeman the Deep Elf Hedge Wizard began the quest for the
                  | Orb.
     0 | D:1      | Reached XP level 1. HP: 10/10 MP: 7/7
   278 | D:1      | Reached XP level 2. HP: 15/15 MP: 5/9
   843 | D:1      | Reached skill level 5 in Spellcasting
  1092 | D:1      | Reached XP level 3. HP: 20/20 MP: 7/11
  1096 | D:1      | Learned a level 3 spell: Mephitic Cloud
  1099 | D:1      | Learned a level 2 spell: Call Imp
  1102 | D:1      | Learned a level 2 spell: Blink
  1723 | D:2      | Found a faded altar of an unknown god.
  1899 | D:2      | Reached skill level 1 in Armour
  1902 | D:2      | Reached skill level 1 in Fighting
  2222 | D:3      | Noticed Terence
  2267 | D:3      | Killed Terence
  2268 | D:3      | Reached XP level 4. HP: 17/25 MP: 9/13
  2544 | D:3      | Found a snail-covered altar of Cheibriados.
  2708 | D:3      | Reached skill level 6 in Spellcasting
  2750 | D:3      | Found an iron altar of Okawaru.
  2844 | D:3      | Reached XP level 5. HP: 29/29 MP: 11/15
  2889 | D:3      | Learned a level 4 spell: Flame Wave
  3629 | D:4      | Noticed Sigmund
  3664 | D:4      | Found a glowing silver altar of Zin.
  3665 | D:4      | Found a glowing golden altar of the Shining One.
  3665 | D:4      | Found a white marble altar of Elyvilon.
  3666 | D:4      | Noticed Edmund
  3807 | D:4      | Reached skill level 1 in Poison Magic
  3813 | D:4      | Reached skill level 1 in Fire Magic
  3839 | D:4      | You fall into a shaft and drop 2 floors!
  3856 | D:6      | Noticed a black bear
  3871 | D:6      | Noticed an orc warrior
  3881 | D:6      | Killed an orc warrior
  3882 | D:6      | Reached skill level 1 in Air Magic
  3882 | D:6      | Reached XP level 6. HP: 34/34 MP: 8/17
  3886 | D:6      | Reached skill level 7 in Spellcasting
  3945 | D:6      | Reached XP level 7. HP: 5/38 MP: 2/20
  4116 | D:5      | Entered Level 5 of the Dungeon
  4128 | D:5      | Noticed Grinder
  4137 | D:5      | Paralysed by Grinder for 2 turns
  4147 | D:5      | Paralysed by Grinder for 5 turns
  4154 | D:5      | Killed Grinder
  4155 | D:5      | Reached skill level 8 in Spellcasting
  4265 | D:4      | Found a hazy altar of Hepliaklqana.
  4489 | D:4      | Mangled by Edmund

Illustrated notes

Levels and vault maps discovered:
D:1:      moated_graveyard_arrival, layout_loops_ring, st_stairs_10, hex_medium
D:2:      layout_rooms, hellmonk_ecumenical_altar_blasted,
          kennysheep_generic_room_2
D:3:      layout_basic, slow_altar_1, kennysheep_okawaru_gauntlet, uniq_terence
D:4:      layout_rooms, dreamdust_divine_triumvirate, pf_just_have_faith,
          minmay_temple_entry_antechambers, enter_ossuary_4, uniq_sigmund,
          uniq_edmund
D:5:      minmay_diamond_boxcup, layout_basic, tgw_sif,
          pdpol_wu_jian_five_deadly_venoms, minmay_misc_feat_cross,
          kennysheep_generic_room_16, uniq_duvessa, uniq_grinder,
          uniq_crazy_yiuf_cottage
D:6:      cheibrodos_steamvent, layout_gridville, marbit_many_paths

Skill      XL: |  1  2  3  4  5  6  7 |
---------------+----------------------+-----
Spellcasting   | 5 6 7 8 |  8.7
Armour         | 1 |  1.4
Fighting       | 1 2 |  2.0
Conjurations   | 2 3 4 |  4.4
Stealth        | 3 |  3.0
Dodging        | 3 |  3.0
Poison Magic   | 1 |  1.0
Fire Magic     | 1 2 3 |  3.4
Air Magic      | 1 |  1.0
Summonings     | |  1.1
Translocations | |  1.1

Action                     |  1- 3 |  4- 6 |  7- 9 || total
---------------------------+-------+-------+-------++-------
  Melee: Dagger            |    44 |    60 |    34 ||   138
         Punch             |       |       |     1 ||     1
   Cast: Magic Dart        |   107 |    76 |    25 ||   208
         Mephitic Cloud    |     1 |     6 |     5 ||    12
         Call Imp          |       |     5 |     7 ||    12
   Stab: Sleeping          |     1 |     1 |       ||     2
         Confused          |       |     2 |     1 ||     3
 Armour: Robe              |    15 |    13 |     3 ||    31
  Dodge: Dodged            |    27 |    71 |    24 ||   122

Table legend: (Time is in decaauts)
 A = Elapsed time spent in this place.
 B = Non-inter-level travel time spent in this place.
 C = Inter-level travel time spent in this place.
 D = Time resting spent in this place.
 E = Time spent auto-exploring this place.
 F = Levels seen in this place.
 G = Mean time per level.
                   A        B        C        D        E       F      G
               +--------+--------+--------+--------+--------+-----+--------+
         Total |   4485 |   4244 |    241 |    251 |   2900 |   6 |  747.5 |
       Dungeon |   4485 |   4244 |    241 |    251 |   2900 |   6 |  747.5 |
               +--------+--------+--------+--------+--------+-----+--------+

Top non-repeatable levels by time:
     D:3: 1417 daAuts
     D:1: 1263 daAuts
     D:2: 971 daAuts
     D:4: 418 daAuts
     D:6: 276 daAuts
     D:5: 138 daAuts
